Get step-by-step instructions on how to execute this build order below. Start the game timer, and the build order will tick by so you can play in parallel with StarCraft on a second screen or mobile device.

Game Time

  0:00

Last Step

  N/A

Next Step

Upcoming Step



Don't want to look back and forth between 2 screens? Try out our Overwolf App, the Spawning Tool Build Advisor to get an in-game overlay with this build!

Complete Build Order

  12  0:00  Probe  
  13  0:12  Probe  
  14  0:17  Pylon  
  14  0:24  Probe  
  15  0:32  Probe  
  15  0:38  Gateway  
  15  0:40  Probe  
  16  0:48  Assimilator  
  17  0:51  Probe  
  18  1:03  Probe  
  19  1:15  Probe  
  20  1:24  Nexus  
  20  1:34  Cybernetics Core  
  20  1:36  Probe  
  21  1:43  Assimilator  
  21  1:49  Probe  
  21  1:52  Pylon  
  22  2:01  Adept, Probe  
  23  2:11  Warp Gate  
  23  2:13  Probe  
  26  2:20  Stalker  
  26  2:25  Probe  
  29  2:37  Probe  
  30  2:48  Probe  
  30  2:49  Probe  
  32  2:56  Stalker  
  33  3:00  Probe  
  33  3:01  Probe  
  33  3:02  Twilight Council  
  35  3:12  Probe  
  36  3:13  Probe, Gateway  
  37  3:24  Probe  
  37  3:25  Probe  
  39  3:28  Robotics Facility  
  39  3:32  Probe  
  39  3:37  Assimilator, Probe  
  39  3:39  Assimilator, Blink  
  39  3:40  Probe  
  42  3:51  Gateway  
  42  3:52  Probe  
  42  3:54  Probe  
  44  4:04  Probe  
  44  4:06  Probe  
  44  4:08  Pylon  
  44  4:11  Observer  
  44  4:17  Probe  
  45  4:19  Robotics Bay  
  46  4:25  Pylon  
  46  4:26  Probe  
  46  4:29  Observer, Probe, Stalker  
  46  4:30  Pylon  
  50  4:36  Stalker  
  53  4:38  Probe  
  53  4:43  Probe  
  55  4:46  Robotics Facility  
  55  4:49  Observer  
  55  4:51  Probe  
  57  4:55  Stalker  
  57  4:58  Stalker  
  61  5:00  Pylon  
  61  5:05  Pylon  
  61  5:09  Disruptor  
  61  5:21  Pylon  
  63  5:25  Probe x2  
  63  5:28  Stalker  
  66  5:34  Nexus  
  66  5:41  Stalker, Pylon  
  68  5:43  Disruptor  
  68  5:47  Disruptor  
  74  5:53  Stalker  
  76  6:01  Stalker  
  78  6:09  Gateway  
  78  6:12  Gateway  
  78  6:14  Stalker, Gateway  
  79  6:19  Disruptor  
  79  6:23  Probe x2  
  84  6:29  Stalker  
  84  6:32  Stalker  
  88  6:35  Probe  
  88  6:36  Probe  
  90  6:40  Disruptor  
  85  6:47  Stalker  
  85  6:56  Probe  
  85  6:57  Probe x2  
  84  7:02  Stalker x2  
  88  7:08  Probe  
  88  7:09  Probe x2  
  88  7:10  Charge  
  88  7:14  Observer  
  91  7:19  Observer  
  91  7:21  Probe  
  91  7:22  Probe x2  
  93  7:31  Stalker x2  
  93  7:32  Zealot  
  93  7:33  Probe x2, Zealot  
  93  7:34  Probe  
  104  7:43  Zealot  
  106  7:45  Probe x2  
  106  7:46  Assimilator, Probe  
  106  7:50  Assimilator  
  107  7:57  Stalker  
  107  7:58  Stalker x3  
  114  8:04  Observer  
  114  8:05  Zealot  
  116  8:12  Pylon  
  116  8:13  Probe  
  116  8:15  Pylon  
  116  8:17  Pylon  
  117  8:21  Disruptor  
  117  8:30  Disruptor, Probe x2  
  117  8:32  Pylon  
  125  8:37  Stalker x3  
  131  8:42  Pylon  
  131  8:47  Pylon  
  131  8:56  Disruptor  
  131  9:02  Zealot x6  
  140  9:05  Disruptor  
  140  9:06  Forge  
  149  9:20  Gateway  
  149  9:21  Observer  
  149  9:24  Gateway x2  
  149  9:28  Nexus  
  146  9:37  Templar Archives  
  146  9:38  Protoss Ground Armor Level 1, Zealot x3  
  152  9:49  Probe, Stalker x3  
  152  9:51  Probe  
  151  10:02  Probe, Forge  
  151  10:06  Disruptor  
  153  10:09  Probe  
  153  10:15  High Templar x2  
  153  10:16  High Templar x2  
  153  10:21  Archon x2, Pylon  
  161  10:24  Pylon  
  161  10:27  Nexus  
  161  10:28  Zealot  
  163  10:30  Zealot  
  163  10:32  Protoss Ground Weapons Level 1  
  163  10:34  Zealot  
  163  10:35  Zealot  
  157  10:44  Pylon, Zealot  
  148  10:52  Zealot x3  
  148  10:53  Probe  
  148  10:54  Probe x2  
  153  11:01  Probe  
  153  11:06  Probe  
  153  11:08  Nexus  
  153  11:10  Probe  
  155  11:11  Probe  
  155  11:16  Pylon  
  157  11:19  Protoss Ground Armor Level 2, Pylon  
  157  11:20  Psionic Storm  
  157  11:22  Observer  
  157  11:28  Pylon  
  157  11:31  Observer  
  157  11:32  Observer, High Templar x4  
  165  11:47  High Templar  
  165  11:48  Photon Cannon  
  165  11:53  Shield Battery, Photon Cannon  
  167  11:59  Gateway  
  128  12:24  Zealot x9  
  137  12:44  Zealot  
  137  12:45  Stalker, Zealot  
  137  12:46  Zealot x6  
  151  12:52  Observer, Probe x2  
  151  12:53  Probe  
  151  12:54  Probe  
  156  13:04  Probe  
  156  13:05  Probe x2  
  157  13:06  Archon  
  153  13:13  Archon, Zealot x4  
  139  13:22  Zealot  
  139  13:23  Zealot x2  
  123  13:28  High Templar x2  
  119  13:39  Zealot x4  
  121  13:43  High Templar x2  
  121  13:46  High Templar  
  121  13:48  Probe x2  
  129  13:50  Assimilator  
  129  13:52  Protoss Ground Weapons Level 2, Protoss Ground Armor Level 3  
  129  13:54  Assimilator  
  129  14:00  Colossus  
  129  14:05  High Templar x3  
  129  14:06  Colossus  
  129  14:08  High Templar  
  137  14:12  Probe  
  134  14:34  Zealot  
  134  14:35  Zealot x4  
  142  14:44  Nexus  
  142  14:45  Stalker x4  
  150  14:54  Observer  
  150  14:59  Zealot x3  
  154  15:11  Colossus  
  160  15:19  Zealot x2  
  160  15:21  High Templar x2  
  174  15:34  Zealot x5  
  162  15:46  Stalker x5  
  162  15:53  High Templar x4  
  162  15:54  High Templar  
  166  16:07  Zealot  
  166  16:11  Probe x2  
  170  16:12  Nexus  
  170  16:16  Zealot x4  
  178  16:23  Zealot x2  
  178  16:32  Stalker x4  
  186  16:37  Protoss Ground Weapons Level 3  
  184  16:42  Protoss Shields Level 1  
  181  16:59  High Templar, Zealot x2  
  181  17:00  Zealot x4  
  195  17:04  Nexus  
  195  17:07  Observer  
  195  17:10  High Templar x2  
  195  17:15  Nexus  
  200  17:16  Pylon  
  190  17:37  Stalker x4  
  195  18:06  Observer  
  195  18:08  Pylon  
  193  18:21  Pylon  
  193  18:22  Gateway  
  193  18:23  Pylon  
  193  18:25  Gateway  
  193  18:29  Stargate  
  193  18:31  Gateway  
  155  19:01  Archon x2  
  135  19:06  Zealot  
  135  19:07  Zealot x9  
  135  19:20  Probe x3  
  135  19:21  Probe  
  135  19:27  High Templar x2  
  135  19:28  High Templar x2  
  143  19:36  Robotics Bay  
  143  19:37  Zealot x5  
  153  19:40  Robotics Facility  
  153  19:41  Stalker x4  
  160  19:50  Probe x3  
  160  19:51  Probe  
  160  20:10  Stalker x4  
  168  20:17  High Templar x3  
  168  20:18  High Templar x5  
  168  20:20  Nexus  
  184  20:26  Observer  
  180  20:38  Zealot  
  180  20:39  Zealot x4  
  180  20:58  Nexus  
  178  21:06  Pylon  
  178  21:07  Pylon  
  178  21:10  Probe, Stalker  
  170  21:19  Archon x2  
  170  21:22  High Templar x3  
  168  21:28  Archon  
  168  21:29  High Templar x2  
  171  21:33  Zealot x4  
  179  21:41  Observer  
  172  21:49  Stalker x3  
  172  22:01  Assimilator x2  
  169  22:11  Pylon, High Templar  
  169  22:13  Pylon  
  171  22:18  Observer  
  151  22:51  Nexus  
  133  23:04  Stalker x2  
  103  23:07  Probe  
  102  23:21  Pylon  
  102  23:26  Probe x2  
  102  23:30  Zealot x7  
  116  23:36  Stalker  
  118  23:46  Stalker  
  120  23:59  Probe  
  119  24:03  Stalker x2  
  123  24:15  Zealot x2  
  117  24:31  Zealot  
  117  24:41  High Templar  
  101  25:09  Stalker x2